APL (24 & UNDER)
ATHENS ASSASSINS @ SAVANNAH HOGS
04/28/2026
 
TOP OF THE 1ST
Athens Assassins batting - Pitching for Savannah Hogs : RHP Nelson Cruz
Pitching: RHP Nelson Cruz
Batting: SHB José Estreito 0-0: Called Strike
0-1: Ground out 5-3 (Groundball, 56)
Batting: RHB Juan Gonzáles 0-0: Called Strike
0-1: Called Strike
0-2: Ball
1-2: Ball
2-2: Foul Ball, location: 2F
2-2: Ball
3-2: Foul Ball, location: 2F
3-2: Strikes out swinging
Batting: RHB Jorge Loanos 0-0: Foul Ball, location: 2F
0-1: Foul Ball, location: 2F
0-2: Ball
1-2: Strikes out swinging
Top of the 1st over - 0 run(s), 0 hit(s), 0 error(s), 0 left on base; Athens 0 - Savannah 0
BOTTOM OF THE 1ST
Savannah Hogs batting - Pitching for Athens Assassins : LHP Roberto Castro
Pitching: LHP Roberto Castro
Batting: RHB Miguel Toro 0-0: Fly out, F9 (Flyball, 9LM)
Batting: RHB Jackson Gibson 0-0: Ball
1-0: Swinging Strike
1-1: Bunt missed!
1-2: Ball
2-2: Ground out 5-3 (Groundball, 56)
Batting: RHB Remi Eruzione 0-0: Ball
1-0: Ball
2-0: Swinging Strike
2-1: Foul Ball, location: 2F
2-2: Strikes out looking
Bottom of the 1st over - 0 run(s), 0 hit(s), 0 error(s), 0 left on base; Athens 0 - Savannah 0
TOP OF THE 2ND
Athens Assassins batting - Pitching for Savannah Hogs : RHP Nelson Cruz
Batting: LHB Terry Simpson 0-0: Called Strike
0-1: Called Strike
0-2: Foul Ball, location: 2F
0-2: Ball
1-2: Ground out 4-3 (Groundball, 34)
Batting: LHB António Romo 0-0: Ground out 4-3 (Groundball, 4)
Batting: LHB Tommy Payne 0-0: Called Strike
0-1: Ball
1-1: Ball
2-1: Fly out, F9 (Flyball, 9D)
Top of the 2nd over - 0 run(s), 0 hit(s), 0 error(s), 0 left on base; Athens 0 - Savannah 0
BOTTOM OF THE 2ND
Savannah Hogs batting - Pitching for Athens Assassins : LHP Roberto Castro
Batting: LHB Ramón Morales 0-0: Ball
1-0: Ball
2-0: Foul Ball, location: 2F
2-1: Foul Ball, location: 2F
2-2: Ball
3-2: Base on Balls
Batting: RHB Javier Martínez 0-0: Called Strike
Ramón Morales steals 2nd base
0-1: Fly out, F5 (Popup, 15)
Batting: RHB Anastasio Movonda 0-0: Called Strike
Ramón Morales steals 3rd base
0-1: DOUBLE (Line Drive, 78M)
Ramón Morales scores
Batting: RHB Ignacio Rangel 0-0: Foul Ball, location: 2F
0-1: DOUBLE (Line Drive, 9LM)
Anastasio Movonda scores
Batting: RHB Júlio Peña 0-0: Ball
1-0: SINGLE (Groundball, 4M)
Ignacio Rangel to third
Runner from 3rd tries for Home, SAFE, no throw or cutoff
Batting: LHB Jim Clemente 0-0: Ball
1-0: Swinging Strike
1-1: Ball
2-1: Ball
3-1: Base on Balls
Júlio Peña to second
Batting: RHB Miguel Toro 0-0: Fielders Choice at 2nd, 4-6 (Groundball, 4)
Júlio Peña to third
Batting: RHB Jackson Gibson 0-0: Called Strike
Miguel Toro steals 2nd base
0-1: Ground out 4-3 (Groundball, 4)
Bottom of the 2nd over - 3 run(s), 3 hit(s), 0 error(s), 2 left on base; Athens 0 - Savannah 3
TOP OF THE 3RD
Athens Assassins batting - Pitching for Savannah Hogs : RHP Nelson Cruz
Batting: LHB Al Bartlett 0-0: Ball
1-0: Ball
2-0: Called Strike
2-1: Ball
3-1: Called Strike
3-2: Base on Balls
Batting: RHB Ramón Rodríguez 0-0: Ball
1-0: DOUBLE (Line Drive, 7LM)
Al Bartlett to third
Runner from 3rd tries for Home, SAFE, no throw or cutoff
Batting: SHB Rick Turner 0-0: Swinging Strike
0-1: Foul Ball, location: 2F
0-2: Ball
1-2: TRIPLE (Flyball, 78XD)
Ramón Rodríguez scores
Batting: SHB José Estreito 0-0: Ball
1-0: Foul Ball, location: 2F
1-1: Ball
2-1: Foul Ball, location: 2F
2-2: SINGLE (Line Drive, 5D)
Rick Turner scores
Batting: RHB Juan Gonzáles 0-0: Called Strike
José Estreito is caught stealing 2nd base
0-1: Ball
1-1: Ball
2-1: Foul Ball, location: 2F
2-2: Ball
3-2: Reached on error, E5 (Groundball, 5)
Batting: RHB Jorge Loanos 0-0: Called Strike
0-1: Ball
1-1: DOUBLE (Groundball, 3L)
Juan Gonzáles to third
Batting: LHB Terry Simpson 0-0: Called Strike
0-1: 3-RUN HOME RUN (Line Drive, 89XD), Distance : 380 ft
Batting: LHB António Romo 0-0: SINGLE (Line Drive, 3L)
Batting: LHB Tommy Payne 0-0: Called Strike
0-1: DOUBLE (Line Drive, 9LM)
António Romo to third
Batting: LHB Al Bartlett 0-0: Called Strike
0-1: Ball
1-1: Ball
2-1: DOUBLE (Line Drive, 89D)
António Romo scores
Tommy Payne scores
Pitching: RHP Álex Solano
Batting: RHB Ramón Rodríguez 0-0: Ball
1-0: SINGLE (Groundball, 56)
Al Bartlett to third
Runner from 3rd tries for Home, SAFE, no throw or cutoff
Batting: SHB Rick Turner 0-0: Called Strike
0-1: Fly out, F7 (Flyball, 78D)
Runner from 1st tags up, OUT at 2nd
Top of the 3rd over - 9 run(s), 9 hit(s), 1 error(s), 0 left on base; Athens 9 - Savannah 3
BOTTOM OF THE 3RD
Savannah Hogs batting - Pitching for Athens Assassins : LHP Roberto Castro
Batting: RHB Remi Eruzione 0-0: Called Strike
0-1: Ground out 6-3 (Groundball, 6)
Batting: LHB Ramón Morales 0-0: Reached on error, E4 (Groundball, 4)
Batting: RHB Javier Martínez 0-0: Called Strike
Ramón Morales steals 3rd base
0-1: Ball
1-1: Called Strike
1-2: Foul Ball, location: 2F
1-2: Ground out 5-3 (Groundball, 5S)
Batting: RHB Anastasio Movonda 0-0: Ball
1-0: Swinging Strike
1-1: Ball
2-1: SINGLE (Groundball, 56D)
Ramón Morales scores
Batting: RHB Ignacio Rangel 0-0: Called Strike
0-1: Ball
1-1: Called Strike
1-2: Strikes out looking
Bottom of the 3rd over - 1 run(s), 1 hit(s), 1 error(s), 1 left on base; Athens 9 - Savannah 4
TOP OF THE 4TH
Athens Assassins batting - Pitching for Savannah Hogs : RHP Álex Solano
Batting: SHB José Estreito 0-0: Foul Ball, location: 2F
0-1: Foul Ball, location: 2F
0-2: Strikes out looking
Batting: RHB Juan Gonzáles 0-0: Called Strike
0-1: TRIPLE (Flyball, 7LS)
Batting: RHB Jorge Loanos 0-0: Foul Ball, location: 2F
0-1: Called Strike
0-2: Strikes out looking
Batting: LHB Terry Simpson 0-0: Called Strike
0-1: Ball
1-1: Foul Ball, location: 2F
1-2: Ball
2-2: Ball
3-2: Foul Ball, location: 2F
3-2: Strikes out looking
Top of the 4th over - 0 run(s), 1 hit(s), 0 error(s), 1 left on base; Athens 9 - Savannah 4
BOTTOM OF THE 4TH
Savannah Hogs batting - Pitching for Athens Assassins : LHP Roberto Castro
Batting: RHB Júlio Peña 0-0: Called Strike
0-1: DOUBLE (Line Drive, 78M)
Batting: LHB Jim Clemente 0-0: Ground out 3-1 (Groundball, 34S)
Júlio Peña to third
Batting: RHB Miguel Toro 0-0: Foul Ball, location: 2F
0-1: Ball
1-1: Ground out 5-3 (Groundball, 5L)
Batting: RHB Jackson Gibson 0-0: Called Strike
0-1: SINGLE (Flyball, 8LS)
Júlio Peña scores
Batting: RHB Remi Eruzione 0-0: Called Strike
0-1: Called Strike
0-2: Ball
1-2: Strikes out swinging
Bottom of the 4th over - 1 run(s), 2 hit(s), 0 error(s), 1 left on base; Athens 9 - Savannah 5
TOP OF THE 5TH
Athens Assassins batting - Pitching for Savannah Hogs : RHP Álex Solano
Batting: LHB António Romo 0-0: Ball
1-0: Ball
2-0: Called Strike
2-1: Foul Ball, location: 2F
2-2: Ball
3-2: DOUBLE (Line Drive, 89M)
Batting: LHB Tommy Payne 0-0: Ball
1-0: Ball
2-0: Foul Ball, location: 2F
2-1: Foul Ball, location: 2F
2-2: Ball
3-2: Strikes out looking
Batting: LHB Al Bartlett 0-0: Ground out 4-3 (Groundball, 4M)
António Romo to third
Batting: RHB Ramón Rodríguez 0-0: Called Strike
0-1: Called Strike
0-2: Ball
1-2: Strikes out swinging
Top of the 5th over - 0 run(s), 1 hit(s), 0 error(s), 1 left on base; Athens 9 - Savannah 5
BOTTOM OF THE 5TH
Savannah Hogs batting - Pitching for Athens Assassins : LHP Roberto Castro
Batting: LHB Ramón Morales 0-0: Ball
1-0: Swinging Strike
1-1: Ball
2-1: Foul Ball, location: 2F
2-2: Ground out 4-3 (Groundball, 4)
Batting: RHB Javier Martínez 0-0: Ball
1-0: Called Strike
1-1: Fly out, F6 (Popup, 6MS)
Batting: RHB Anastasio Movonda 0-0: Ball
1-0: Ball
2-0: Ground out 2-3 (Groundball, 25)
Bottom of the 5th over - 0 run(s), 0 hit(s), 0 error(s), 0 left on base; Athens 9 - Savannah 5
TOP OF THE 6TH
Athens Assassins batting - Pitching for Savannah Hogs : RHP Álex Solano
Batting: SHB Rick Turner 0-0: Called Strike
0-1: Foul Ball, location: 2F
0-2: Ball
1-2: Ball
2-2: Foul Ball, location: 2F
2-2: Foul Ball, location: 2F
2-2: SINGLE (Line Drive, 56)
Batting: SHB José Estreito 0-0: Ball
1-0: Called Strike
1-1: SINGLE (Groundball, 6MD)
Rick Turner to second
Batting: RHB Juan Gonzáles 0-0: Foul Ball, location: 2F
0-1: Ball
1-1: Ball
2-1: Swinging Strike
2-2: Ball
3-2: Strikes out looking
Batting: RHB Jorge Loanos 0-0: Ball
1-0: Called Strike
1-1: SINGLE (Flyball, 7S)
Rick Turner to third
José Estreito to second
Batting: LHB Terry Simpson 0-0: Called Strike
0-1: Called Strike
0-2: Ball
1-2: Ball
2-2: Grounds into double play, 3-6-3 (Groundball, 3)
Top of the 6th over - 0 run(s), 3 hit(s), 0 error(s), 2 left on base; Athens 9 - Savannah 5
BOTTOM OF THE 6TH
Savannah Hogs batting - Pitching for Athens Assassins : LHP Roberto Castro
Batting: RHB Ignacio Rangel 0-0: Ball
1-0: Ground out 5-3 (Groundball, 5S)
Batting: RHB Júlio Peña 0-0: Foul Ball, location: 2F
0-1: Foul Ball, location: 2F
0-2: Ball
1-2: Foul Ball, location: 2F
1-2: Foul Ball, location: 2F
1-2: Reached on error, E6 (Groundball, 56)
Pitching: RHP Kieron Lahyani
Batting: LHB Jim Clemente 0-0: Ball
1-0: Called Strike
1-1: Foul Ball, location: 2F
1-2: Ball
2-2: SINGLE (Flyball, 8LS)
Júlio Peña to second
Batting: RHB Miguel Toro 0-0: Foul Ball, location: 2F
0-1: Ball
1-1: Foul Ball, location: 2F
1-2: Strikes out looking
Batting: RHB Jackson Gibson 0-0: SINGLE (Groundball, 56)
Júlio Peña to third
Jim Clemente to second
Runner from 3rd tries for Home, SAFE, no throw or cutoff
Batting: RHB Remi Eruzione 0-0: Called Strike
0-1: Ball
1-1: Ball
2-1: Foul Ball, location: 2F
2-2: Ball
3-2: Foul Ball, location: 2F
3-2: Foul Ball, location: 2F
3-2: Strikes out swinging
Bottom of the 6th over - 1 run(s), 2 hit(s), 1 error(s), 2 left on base; Athens 9 - Savannah 6
TOP OF THE 7TH
Athens Assassins batting - Pitching for Savannah Hogs : RHP Álex Solano
Pitching: RHP Jorge Durán
Batting: LHB António Romo 0-0: SINGLE (Groundball, 6MD)
Batting: LHB Tommy Payne 0-0: SINGLE (Line Drive, 4M)
António Romo to second
Batting: LHB Al Bartlett 0-0: Ball
1-0: Sac Bunt - play at first, batter OUT! 1-4
António Romo to third
Tommy Payne to second
Pitching: RHP Ramón Martínez
Batting: RHB Ramón Rodríguez 0-0: Foul Ball, location: 2F
0-1: Ball
1-1: Foul Ball, location: 2F
1-2: Foul Ball, location: 2F
1-2: Ground out 5-3 (Groundball, 5L)
Pitching: RHP José Gonzáles
Batting: SHB Rick Turner 0-0: Ball
1-0: Ball
2-0: Called Strike
2-1: Ball
3-1: Ground out 5-3 (Groundball, 5L)
Top of the 7th over - 0 run(s), 2 hit(s), 0 error(s), 2 left on base; Athens 9 - Savannah 6
BOTTOM OF THE 7TH
Savannah Hogs batting - Pitching for Athens Assassins : RHP Kieron Lahyani
Batting: LHB Ramón Morales 0-0: Ball
1-0: Ball
2-0: Ball
3-0: Called Strike
3-1: SINGLE (Line Drive, 4D)
Batting: RHB Javier Martínez 0-0: Called Strike
0-1: Ball
1-1: Ball
2-1: DOUBLE (Flyball, 9LM)
Ramón Morales to third
Batting: RHB Anastasio Movonda 0-0: Ball
1-0: Foul Ball, location: 2F
1-1: Ball
2-1: Ball
3-1: Fly out, F8 (Flyball, 8RM)
Runner from 3rd tags up, SCORES, no throw
Batting: RHB Ignacio Rangel 0-0: Foul Ball, location: 2F
0-1: Called Strike
0-2: Ball
1-2: Ball
2-2: Foul Ball, location: 2F
2-2: Fly out, F4 (Popup, 34D)
Batting: RHB Júlio Peña 0-0: Ball
1-0: Called Strike
1-1: Ball
2-1: Ball
3-1: Base on Balls
Pinch Hitting: LHB Manny Hernández 0-0: Ball
1-0: Ball
2-0: Foul Ball, location: 2F
2-1: Ball
3-1: Base on Balls
Javier Martínez to third
Júlio Peña to second
Pinch Hitting: LHB Juan Delgado 0-0: Ball
1-0: Ball
Wild Pitch!
Javier Martínez scores
Júlio Peña to third
Manny Hernández to second
2-0: Ball
3-0: Called Strike
3-1: Called Strike
3-2: Base on Balls
Batting: RHB Jackson Gibson 0-0: Ball
1-0: Called Strike
1-1: Swinging Strike
1-2: Ball
2-2: Ball
3-2: Strikes out swinging
Bottom of the 7th over - 2 run(s), 2 hit(s), 0 error(s), 3 left on base; Athens 9 - Savannah 8
TOP OF THE 8TH
Athens Assassins batting - Pitching for Savannah Hogs : RHP José Gonzáles
Now at 1B: Manny Hernández
Now at 2B: Ivan Costello
Batting: SHB José Estreito 0-0: Swinging Strike
0-1: Swinging Strike
0-2: Strikes out swinging
Batting: RHB Juan Gonzáles 0-0: Foul Ball, location: 2F
0-1: Ball
1-1: Ground out 6-3 (Groundball, 6)
Batting: RHB Jorge Loanos 0-0: Ball
1-0: Ball
2-0: Foul Ball, location: 2F
2-1: Ball
3-1: Ground out 5-3 (Groundball, 56)
Top of the 8th over - 0 run(s), 0 hit(s), 0 error(s), 0 left on base; Athens 9 - Savannah 8
BOTTOM OF THE 8TH
Savannah Hogs batting - Pitching for Athens Assassins : RHP Kieron Lahyani
Pitching: RHP Tony Murillo
Batting: RHB Remi Eruzione 0-0: Ball
1-0: Fly out, F4 (Line Drive, 4)
Batting: LHB Ramón Morales 0-0: Called Strike
0-1: Called Strike
0-2: Ball
1-2: Ball
2-2: Ball
3-2: Foul Ball, location: 2F
3-2: Base on Balls
Batting: RHB Javier Martínez 0-0: Fly out, F8 (Flyball, 8RS)
Batting: RHB Anastasio Movonda 0-0: Called Strike
0-1: Called Strike
0-2: Fielders Choice at 2nd, 5-4 (Groundball, 5)
Bottom of the 8th over - 0 run(s), 0 hit(s), 0 error(s), 0 left on base; Athens 9 - Savannah 8
TOP OF THE 9TH
Athens Assassins batting - Pitching for Savannah Hogs : RHP José Gonzáles
Batting: LHB Terry Simpson 0-0: Ball
1-0: Reached on error, E3 (Groundball, 3)
Pinch Runner at 1st Luis Vázquez:
Batting: LHB António Romo 0-0: Ball
1-0: Ball
2-0: Ground out U3 (Groundball, 3S)
Luis Vázquez to second
Batting: LHB Tommy Payne 0-0: Intentional Walk
Pinch Hitting: LHB Mike Davis 0-0: Ball
1-0: Ball
2-0: Ball
3-0: Base on Balls
Luis Vázquez to third
Tommy Payne to second
Pinch Hitting: LHB Pedro Rodríguez 0-0: Ball
1-0: DOUBLE (Groundball, 5L)
Luis Vázquez scores
Tommy Payne scores
Mike Davis to third
Batting: SHB Rick Turner 0-0: Intentional Walk
Pitching: RHP Luis Sánchez
Batting: SHB José Estreito 0-0: Ball
1-0: Called Strike
1-1: Grounds into double play, 1-2-3 (Groundball, 23)
Top of the 9th over - 2 run(s), 1 hit(s), 1 error(s), 2 left on base; Athens 11 - Savannah 8
BOTTOM OF THE 9TH
Savannah Hogs batting - Pitching for Athens Assassins : RHP Tony Murillo
Pitching: RHP Ramiro Sierra
Now at 1B: Mike Davis
Now in LF: Jason Erickson
Batting: RHB Ignacio Rangel 0-0: Swinging Strike
0-1: Ball
1-1: Foul Ball, location: 2F
1-2: Strikes out swinging
Batting: RHB Júlio Peña 0-0: Called Strike
0-1: Swinging Strike
0-2: Strikes out swinging
Batting: LHB Manny Hernández 0-0: Called Strike
0-1: Ball
1-1: Ball
2-1: Ball
3-1: Base on Balls
Batting: LHB Ivan Costello 0-0: Called Strike
0-1: 2-RUN HOME RUN (Flyball, 9D), Distance : 375 ft
Batting: RHB Jackson Gibson 0-0: Swinging Strike
0-1: Called Strike
0-2: Strikes out looking
Bottom of the 9th over - 2 run(s), 1 hit(s), 0 error(s), 0 left on base; Athens 11 - Savannah 10
Monday, December 5th, 2016 - OOTP Baseball 17.12 Build 75